 Dungeon Crawl Stone Soup version 0.24-a0-537-g2d01d4a (webtiles) character file.

Game seed: 6906123396314278388

144 Atlas the Firebug (level 5, 0/36 HPs)
             Began as a Demonspawn Fire Elementalist on Aug 17, 2019.
             Slain by a gnoll
             ... wielding a +0 flail
              (12 damage)
             ... on level 3 of the Dungeon.
             The game lasted 00:04:01 (3178 turns).

Atlas the Firebug (Demonspawn Fire Elementalist)    Turns: 3178, Time: 00:04:02

Health: 0/36       AC:  7    Str:  9    XL:     5   Next: 5%
Magic:  2/9        EV: 12    Int: 17    God:
Gold:   174        SH:  0    Dex: 13    Spells: 8/9 levels left

rFire    + . .     SeeInvis +   m - +1 dagger (speed)
rCold    . . .     Gourm    .   (no shield)
rNeg     . . .     Faith    .   e - +2 leather armour {rF+}
rPois    .         Spirit   .   (helmet restricted)
rElec    .         Reflect  .   (no cloak)
rCorr    +         Harm     .   (no gloves)
MR       .....                  (no boots)
Stlth    ++........             (no amulet)
HPRegen  0.12/turn              d - ring of see invisible
MPRegen  0.11/turn              i - ring of resist corrosion

@: no status effects
A: horns 2, molten scales 1
a: no special abilities


You were on level 3 of the Dungeon.
You were hungry.

You visited 1 branch of the dungeon, and saw 3 of its levels.

You collected 174 gold pieces.

Inventory:

Hand Weapons
 m - a +1 dagger of speed (weapon)
Armour
 e - a +2 leather armour of fire resistance (worn)
Jewellery
 d - a ring of see invisible (left hand)
 i - a ring of resist corrosion (right hand)
 o - a cursed -2 ring of protection {unknown}
Scrolls
 f - 3 scrolls of fear {unknown}
 g - a scroll of magic mapping {unknown}
 h - 2 scrolls of teleportation {unknown}
 k - 2 scrolls of identify {unknown}
 p - a scroll of amnesia {unknown}
 s - a scroll of enchant weapon {unknown}
Potions
 a - a potion of haste {unknown}
 b - a potion of resistance {unknown}
 j - 2 potions of heal wounds {unknown}
 l - a potion of curing {unknown}
 n - a potion of degeneration {unknown}
 r - a potion of berserk rage {unknown}
Comestibles
 c - 4 rations


   Skills:
 + Level 0.4 Fighting
 + Level 1.2 Short Blades
 + Level 1.1 Armour
 + Level 2.2 Dodging
 + Level 2.1 Stealth
 + Level 0.6 Unarmed Combat
 + Level 2.8 Spellcasting
 + Level 1.8 Conjurations
 + Level 3.2 Fire Magic


You had 8 spell levels left.
You knew the following spells:

 Your Spells              Type           Power        Failure   Level  Hunger
a - Flame Tongue          Conj/Fire      ##...        9%          1    #......

Your spell library contained the following spells:

 Spells                   Type           Power        Failure   Level  Hunger
 Throw Flame              Conj/Fire      ##....       13%         2    ##.....
 Conjure Flame            Conj/Fire      ##......     26%         3    ###....
 Inner Flame              Hex/Fire       #.......     36%         3    ###....
 Sticky Flame             Conj/Fire      ##......     63%         4    #####..
 Fireball                 Conj/Fire      ##........   93%         5    ######.


Dungeon Overview and Level Annotations

Branches:
Dungeon (3/15)

Altars:
Elyvilon
Zin

Shops:
D:3 *


Innate Abilities, Weirdness & Mutations

You have a pair of horns on your head.
You are partially covered in molten scales. (AC +2)


Message History

You are too injured to fight recklessly!
You are too injured to fight recklessly!
You are too injured to fight recklessly!
You are too injured to fight recklessly!
You are too injured to fight recklessly!
You hit the gnoll but do no damage. You headbutt the gnoll.
The gnoll is heavily wounded.
You hit the gnoll but do no damage.
The gnoll is heavily wounded.
The gnoll closely misses you.
You hit the gnoll but do no damage. Your headbutt misses the gnoll.
The gnoll is heavily wounded.
You closely miss the gnoll.
The gnoll is heavily wounded.
The gnoll hits you with a +0 flail.
Your magical contamination has completely faded away.
You hit the gnoll.
The gnoll is severely wounded.
The gnoll hits you with a +0 flail!
You die...

#..###.#.#######..##......[##.##
##..##.# .######..########.....#
##.# .# ..................#...#
#.# ######......##<.....## # #.#
#......#..###.## ###.#
#.#....#.###..#### ....#
#.#....#..#....... #####
#(#....##.........
#@#....####.(..... #g#....#
##..#### #%#.>..#####.##
#.#....##.....# #...# #.....#
#...# #.....# ..........#
#.....# ##.####...# #.....#
#ยง#..# #.....#


You could see a gnoll.

Vanquished Creatures
  A hound skeleton (D:3)
  5 gnolls (D:3)
  2 adders
  3 worms (D:2)
  A dart slug (D:1)
  2 orcs (D:3)
  3 giant cockroaches
  6 goblins
  4 hobgoblins
  3 jackals (D:2)
  2 quokkas (D:2)
  A ball python (D:3)
  6 bats
  2 frilled lizards
  9 kobolds
  8 rats
58 creatures vanquished.

Notes
Turn   | Place    | Note
-------+----------+-------------------------------------------
     0 | D:1      | Atlas the Demonspawn Fire Elementalist began the quest for
                  | the Orb.
     0 | D:1      | Reached XP level 1. HP: 13/13 MP: 3/3
   540 | D:1      | Gained mutation: You are partially covered in molten
                  | scales. (AC +2) [demonic ancestry]
   540 | D:1      | Reached XP level 2. HP: 19/19 MP: 0/5
   595 | D:1      | Reached skill level 3 in Fire Magic
  1444 | D:2      | Gained mutation: You have a pair of small horns on your
                  | head. [demonic ancestry]
  1444 | D:2      | Reached XP level 3. HP: 24/24 MP: 1/6
  1816 | D:2      | Found a white marble altar of Elyvilon.
  2662 | D:3      | Found Zin's Purification Station.
  2662 | D:3      | Found a glowing silver altar of Zin.
  2735 | D:3      | Reached XP level 4. HP: 30/30 MP: 8/8
  2828 | D:3      | Reached skill level 1 in Short Blades
  2895 | D:3      | Reached skill level 1 in Armour
  3163 | D:3      | Gained mutation: You have a pair of horns on your head.
                  | [demonic ancestry]
  3163 | D:3      | Reached XP level 5. HP: 26/36 MP: 1/9
  3178 | D:3      | Slain by a gnoll

Levels and vault maps discovered:
D:1:      dpeg_chamrin_arrival_tetris, layout_loops_ring, hex_medium,
          corner_web_ring, minmay_misc_feat_square, minmay_tromino_v7
D:2:      minmay_diamond_boxcup, layout_loops_cross, elyvilon_altar_5
D:3:      layout_rooms, zin_purify, grunt_dithmenos_smoke_and_mirrors

Skill      XL: |  1  2  3  4 |
---------------+-------------+-----
Fire Magic     | 3 |  3.2
Dodging        | 2 |  2.2
Stealth        | 2 |  2.1
Short Blades   | 1 |  1.2
Armour         | 1 |  1.1
Fighting       | |  0.4
Unarmed Combat | |  0.6
Spellcasting   | |  2.8
Conjurations   | |  1.8

Action                   |  1- 3 |  4- 6 || total
-------------------------+-------+-------++-------
Melee: Unarmed           |   145 |       ||   145
       Dagger            |    30 |    84 ||   114
       Headbutt          |    23 |    10 ||    33
 Cast: Flame Tongue      |    62 |     9 ||    71
 Stab: Sleeping          |     2 |     1 ||     3
  Eat: Chunk             |     3 |     1 ||     4
       Ration            |     1 |       ||     1
Armor: Robe              |     4 |       ||     4
       Leather armour    |    82 |    25 ||   107
Dodge: Dodged            |   130 |    68 ||   198

Table legend:
 A = Non-vault XP
 B = Vault XP
 C = Vault XP percentage of total XP
 D = Non-vault monster count
 E = Vault monster count
 F = Vault count percentage of total count
                 A         B        C        D         E       F
            +---------+---------+-------+---------+---------+-------
      Total |     189 |      17 |   8.3 |      48 |      10 |  17.2
            +---------+---------+-------+---------+---------+-------
        D:1 |      24 |       6 |  20.0 |      17 |       3 |  15.0
        D:2 |      44 |      11 |  20.0 |      13 |       7 |  35.0
        D:3 |     121 |       0 |   0.0 |      18 |       0 |   0.0
            +---------+---------+-------+---------+---------+-------
